 Dungeon Crawl Stone Soup version 0.22.1-1-ga44c0e56f4 (webtiles) character file.

37747 Nixze the Thaumaturge (level 13, -1/76 HPs)
             Began as a Deep Elf Fire Elementalist on Nov 2, 2018.
             Was a High Priest of Sif Muna.
             Slain by a centaur (5 damage)
             ... in a volcano.
             The game lasted 01:13:26 (23938 turns).

Nixze the Thaumaturge (Deep Elf Fire Elementalist) Turns: 23938, Time: 01:13:26

Health: -1/76      AC:  8    Str:  5    XL:     13   Next: 60%
Magic:  35/48      EV: 18    Int: 26    God:    Sif Muna [*****.]
Gold:   502        SH:  5    Dex: 15    Spells: 6/40 levels left

rFire    . . .     SeeInvis .   P - staff of power (curse)
rCold    . . .     Gourm    .   m - +0 buckler
rNeg     . . .     Faith    .   H - +1 robe {Archmagi}
rPois    .         Spirit   .   r - +0 helmet
rElec    .         Reflect  .   k - +0 cloak
rCorr    .         Harm     .   q - +1 pair of gloves
MR       +....                  s - +0 pair of boots
Stlth    +++.......             R - amulet of magic regeneration
HPRegen  0.22/turn              Y - ring of flight
MPRegen  0.56/turn              (no ring)

@: marked, divine energy
A: no striking features
a: Stop Divine Energy, Channel Magic, Forget Spell, Renounce Religion, Evoke
Flight


You were in a volcano.
You worshipped Sif Muna.
Sif Muna was extremely pleased with you.
You were not hungry.

You visited 3 branches of the dungeon, and saw 19 of its levels.
You also visited: Volcano.

You collected 1042 gold pieces.
You spent 540 gold pieces at shops.

Inventory:

Hand Weapons
 x - a +0 dagger of holy wrath
 G - a +2 whip of freezing
Armour
 k - a +0 cloak (worn)
 m - a +0 buckler (worn)
 q - a +1 pair of gloves (worn)
 r - a +0 helmet (worn)
 s - a +0 pair of boots (worn)
 H - a +1 robe of the Archmagi (worn)
Magical Staves
 a - an uncursed staff of wizardry
 b - an uncursed staff of power
 P - a cursed staff of power (weapon)
Jewellery
 R - an amulet of magic regeneration (around neck)
 S - an uncursed ring of ice
 Y - a ring of flight (left hand)
Wands
 j - a wand of iceblast (6)
 E - a wand of flame (72)
 F - a wand of disintegration (11)
 L - a wand of polymorph (21)
 M - a wand of random effects (33)
 N - a wand of acid (16)
 Q - a wand of enslavement (3)
 U - a wand of paralysis (11)
 X - a wand of digging (16)
Scrolls
 d - 3 scrolls of enchant weapon
 e - 3 scrolls of identify
 f - 8 scrolls of teleportation
 h - a scroll of immolation {unknown}
 i - 9 scrolls of remove curse
 n - 3 scrolls of blinking
 u - 4 scrolls of enchant armour
 v - 3 scrolls of amnesia
 A - a scroll of noise {unknown}
 B - a scroll of silence {unknown}
 C - a scroll of magic mapping
 D - a scroll of random uselessness {unknown}
 I - a scroll of torment {unknown}
 J - a scroll of summoning {unknown}
 T - a scroll of vulnerability {unknown}
 V - a scroll of fear {unknown}
 W - 2 scrolls of brand weapon {unknown}
 Z - a scroll of fog {unknown}
Potions
 g - 5 potions of curing
 l - 4 potions of lignification
 o - 2 potions of brilliance
 p - 8 potions of haste
 t - 2 potions of might
 w - a potion of mutation
 y - a potion of magic
 z - a potion of resistance
 K - 2 potions of agility
Comestibles
 c - 34 rations


   Skills:
 + Level 6.8 Fighting
 - Level 9.0 Dodging
 - Level 5.0 Stealth
 - Level 4.0 Shields
 - Level 14.0 Spellcasting
 * Level 12.8 Conjurations
 + Level 4.7 Summonings
 * Level 11.4 Fire Magic
 - Level 6.0 Invocations


You had 6 spell levels left.
You knew the following spells:

 Your Spells              Type           Power        Failure   Level  Hunger
a - Flame Tongue          Conj/Fire      #####        1%          1    None
b - Conjure Flame         Conj/Fire      #######.     1%          3    None
c - Sticky Flame          Conj/Fire      #######.     1%          4    None
d - Fireball              Conj/Fire      #######...   1%          5    ##.....
e - Throw Frost           Conj/Ice       ######       1%          2    None
f - Orb of Destruction    Conj           #######...   13%         7    ######.
g - Iskenderun's Battles  Conj/Chrm      ######..     6%          5    ##.....
h - Spellforged Servitor  Conj/Summ      #######...   56%         7    ######.

Your spell library contained the following spells:

 Spells                   Type           Power        Failure   Level  Hunger
 Magic Dart               Conj           ####         0%          1    None
 Summon Butterflies       Summ           ######..     1%          1    None
 Call Imp                 Summ           ######..     1%          2    None
 Throw Flame              Conj/Fire      ######       1%          2    None
 Call Canine Familiar     Summ           ######..     1%          3    None
 Inner Flame              Hex/Fire       ######..     1%          3    None
 Mephitic Cloud           Conj/Pois/Air  ######..     1%          3    None
 Static Discharge         Conj/Air       ######..     1%          3    None
 Throw Icicle             Conj/Ice       ######..     2%          4    None
 Freeze                   Ice            ####         3%          1    None
 Infusion                 Chrm           ####         3%          1    None
 Bolt of Magma            Conj/Fire/Erth ######....   3%          5    ##.....
 Blink                    Tloc           N/A          4%          2    None
 Passwall                 Tmut/Erth      ####....     4%          2    None
 Shroud of Golubria       Chrm/Tloc      ####......   4%          2    None
 Slow                     Hex            ####....     4%          2    None
 Song of Slaying          Chrm           ####....     4%          2    None
 Swiftness                Chrm/Air       ####....     4%          2    None
 Lightning Bolt           Conj/Air       ######....   6%          5    ##.....
 Venom Bolt               Conj/Pois      ######....   6%          5    ##.....
 Ozocubu's Armour         Chrm/Ice       ####....     9%          3    None
 Regeneration             Chrm/Necr      ####......   9%          3    None
 Spectral Weapon          Hex/Chrm       ####....     9%          3    None
 Summon Ice Beast         Ice/Summ       #####...     12%         4    None
 Ice Form                 Ice/Tmut       ####....     30%         4    None
 Passage of Golubria      Tloc           N/A          30%         4    None
 Summon Mana Viper        Hex/Summ       #####...     32%         5    ##.....
 Iron Shot                Conj/Erth      ######....   32%         6    ####...
 Lee's Rapid Deconstruct  Erth           ####......   63%         5    ##.....
 Darkness                 Hex            ####......   99%         6    ####...
 Invisibility             Hex            ####....     99%         6    ####...
 Ozocubu's Refrigeration  Ice            ####......   99%         6    ####...
 Ignition                 Fire           #######...   88%         8    #######
 Ring of Flames           Chrm/Fire      ######....   94%         7    ######.
 Summon Hydra             Summ           ######....   98%         7    ######.
 Shatter                  Erth           ####......   100%        9    #######
 Tornado                  Air            ####......   100%        9    #######


Dungeon Overview and Level Annotations

Branches:
Dungeon (12/15)            Temple (1/1) D:5            Lair (6/6) D:10
  Swamp (0/4) Lair:3        Snake (0/4) Lair:2        Slime (0/5) Lair:5
    Orc (0/2) D:11

Altars:
Ashenzari
Cheibriados
Dithmenos
Elyvilon
Fedhas
Gozag
Hepliaklqana
Kikubaaqudgha
Makhleb
Nemelex Xobeh
Okawaru
Qazlal
Ru
Sif Muna
Trog
Uskayaw
Vehumet
Wu Jian
Xom
Yredelemnul
Zin
The Shining One
Lugonu

Shops:
D:4 :   D:6 :


Message History

Aiming: Throw Frost (safe; 1% risk of failure)
Press: ? - help, Shift-Dir - straight line, f/p - fire bat
Aim: a fire bat You feel a surge of power!
The puff of frost misses the fire bat.
The fire bat bites you.
* * * LOW HITPOINT WARNING * * *
You are engulfed in flames.
* * * LOW HITPOINT WARNING * * *
The fire bat completely misses you. The fire bat closely misses you.
The fire bat bites you.
* * * LOW HITPOINT WARNING * * *
You are engulfed in flames!
* * * LOW HITPOINT WARNING * * *
You block the fire bat's attack.
The centaur unwields an uncursed shortbow of flaming.
It stops flaming.
You block the centaur's attack. You block the fire bat's attack.
A centaur comes into view. It is wielding a shortbow of flaming.
The centaur hits you.
You die...

≈≈≈≈ #### ≈≈≈≈≈
##∩∩# ≈≈≈≈≈
#.#### ≈≈≈≈≈≈ ≈
##..'##≈≈≈≈≈≈
≈§§######.#≈≈≈≈≈≈
≈§§§....@...≈≈≈≈≈
≈≈≈.....bc.≈≈≈≈≈≈
≈≈≈..####...≈≈≈≈≈
≈≈≈. ##)≈.≈≈≈≈ §§
h.≈≈≈≈≈ c≈≈≈≈≈≈
.≈≈≈≈≈≈ .≈.≈≈≈≈
.≈≈≈≈≈≈


You could see a hell hog, a fire bat and 2 centaurs.

Vanquished Creatures
  Snorg (D:11)
  4 hydras
  3 two-headed ogres
  Sonja (D:12)
  Urug (D:10)
  Pikel (D:8)
  4 orc knights (D:10)
  A wizard (D:10)
  An ugly thing (D:12)
  A manticore (D:12)
  Maurice (D:11)
  6 elephants
  Joseph (D:8)
  3 black mambas
  A gargoyle (D:12)
  5 kobold demonologists
  3 komodo dragons
  7 spiny frogs
  2 rime drakes (Lair:5)
  A troll (D:9)
  A hornet (D:11)
  3 blink frogs (Lair:4)
  2 hippogriffs
  5 slime creatures (D:12)
  A wraith (D:11)
  2 vampires (D:12)
  A fire bat (Volcano)
  2 basilisks
  25 yaks
  A wyvern (Lair:2)
  2 hungry ghosts (D:9)
  Menkaure (D:7)
  5 water moccasins
  2 hell hounds (Lair:6)
  3 orc warriors
  5 ice beasts
  7 porcupines
  5 sky beasts
  3 slaves (D:8)
  6 phantoms
  2 ogres
  2 necrophages
  An eye of draining (D:12)
  23 wolves
  15 centaurs
  15 crocodiles
  2 big kobolds
  21 bullfrogs
  4 scorpions
  9 killer bees (D:11)
  An electric eel (Lair:3)
  3 howler monkeys (D:11)
  3 crimson imps
  3 bullfrog zombies
  10 jellies
  6 hounds
  4 orc priests
  A bullfrog skeleton (D:5)
  A gnoll shaman (D:8)
  Crazy Yiuf (D:7)
  4 centaur skeletons
  8 orc wizards
  4 iguanas
  5 worker ants
  2 killer bee zombies
  A hound skeleton (D:7)
  A howler monkey zombie (D:5)
  3 gnolls (D:2)
  10 adders
  3 shadow imps
  8 oozes
  5 worms
  4 dart slugs
  3 leopard geckos
  71 orcs
  6 bats
  5 giant cockroaches
  4 goblins (D:1)
  7 hobgoblins
  17 jackals
  3 quokkas
  4 ball pythons
  9 frilled lizards
  A giant cockroach zombie (D:6)
  12 kobolds
  A leopard gecko skeleton (D:7)
  7 rats
  2 fungi (Lair:4)
467 creatures vanquished.

Vanquished Creatures (others)
  A slave (D:8)
  A demonic plant (D:10)
  5 fungi
  2 plants
9 creatures vanquished.

Grand Total: 476 creatures vanquished

Notes
Turn   | Place    | Note
-------+----------+-------------------------------------------
     0 | D:1      | Nixze the Deep Elf Fire Elementalist began the quest for
                  | the Orb.
     0 | D:1      | Reached XP level 1. HP: 10/10 MP: 6/6
   211 | D:1      | Reached XP level 2. HP: 15/15 MP: 6/8
  1015 | D:2      | Reached XP level 3. HP: 19/19 MP: 8/10
  1299 | D:2      | Reached skill level 4 in Spellcasting
  1342 | D:2      | Found a glowing golden altar of the Shining One.
  1454 | D:2      | Learned a level 3 spell: Conjure Flame
  1499 | D:2      | Reached XP level 4. HP: 24/24 MP: 3/12
  2021 | D:2      | Found a faded altar of an unknown god.
  2767 | D:3      | Reached XP level 5. HP: 28/28 MP: 5/14
  2892 | D:3      | Found a sacrificial altar of Ru.
  3298 | D:4      | Noticed a phantom
  3308 | D:4      | Killed a phantom
  3308 | D:4      | Reached skill level 1 in Shields
  3308 | D:4      | Reached skill level 5 in Spellcasting
  3308 | D:4      | Reached XP level 6. HP: 22/32 MP: 7/15
  3484 | D:4      | Noticed a sky beast
  3492 | D:4      | Learned a level 4 spell: Sticky Flame
  3498 | D:4      | Learned a level 5 spell: Fireball
  3510 | D:4      | Killed a sky beast
  3510 | D:4      | Reached skill level 5 in Fire Magic
  3853 | D:4      | Found a shadowy altar of Dithmenos.
  3860 | D:4      | Reached XP level 7. HP: 35/36 MP: 9/17
  4352 | D:4      | Found Wuyps's Book Emporium.
  4418 | D:4      | Reached skill level 6 in Spellcasting
  4608 | D:5      | Entered Level 5 of the Dungeon
  4721 | D:5      | Found a staircase to the Ecumenical Temple.
  4883 | Temple   | Entered the Ecumenical Temple
  4982 | Temple   | Became a worshipper of Sif Muna the Loreminder
  5080 | D:5      | You fall through a shaft for 3 floors!
  5146 | D:8      | Noticed Joseph
  5167 | D:8      | Reached skill level 5 in Conjurations
  5230 | D:8      | Reached skill level 7 in Spellcasting
  5230 | D:8      | Reached XP level 8. HP: 41/41 MP: 20/20
  5268 | D:8      | Killed Joseph
  5691 | D:7      | Reached skill level 8 in Spellcasting
  6739 | D:6      | Reached * piety under Sif Muna
  6782 | D:6      | Reached skill level 1 in Fighting
  6968 | D:6      | Found Yciriop's Book Emporium.
  7209 | D:6      | Reached XP level 9. HP: 47/47 MP: 23/23
  7593 | D:7      | Noticed Menkaure
  7598 | D:7      | Killed Menkaure
  7797 | D:7      | Found a stormy altar of Qazlal.
  8130 | D:7      | Reached skill level 9 in Spellcasting
  8164 | D:7      | Found a runed door.
  8169 | D:7      | Noticed Crazy Yiuf
  8171 | D:7      | Killed Crazy Yiuf
  8620 | D:8      | Noticed Pikel
  8627 | D:8      | Killed Pikel
  8627 | D:8      | Reached ** piety under Sif Muna
  8853 | D:8      | Reached skill level 5 in Stealth
  9101 | D:8      | Noticed a two-headed ogre
  9579 | D:8      | Reached skill level 5 in Dodging
 10012 | D:9      | Reached XP level 10. HP: 41/56 MP: 11/25
 10107 | D:8      | Learned a level 2 spell: Throw Frost
 10224 | D:8      | Reached skill level 10 in Spellcasting
 11412 | D:10     | Entered Level 10 of the Dungeon
 11412 | D:10     | Noticed a two-headed ogre
 11594 | D:10     | Reached *** piety under Sif Muna
 11597 | D:10     | Noticed an orc knight
 11622 | D:10     | Killed an orc knight
 11712 | D:10     | Noticed an orc knight
 11731 | D:10     | Killed an orc knight
 11738 | D:10     | Reached skill level 11 in Spellcasting
 11813 | D:10     | Noticed Urug
 11835 | D:10     | Killed Urug
 12052 | D:10     | Noticed an enchanted triple sword
 12081 | D:10     | Noticed an orc knight
 12082 | D:10     | Noticed a wizard
 12098 | D:10     | Noticed an orc knight
 12101 | D:10     | Killed a wizard
 12128 | D:10     | Killed an orc knight
 12128 | D:10     | Reached XP level 11. HP: 60/61 MP: 20/28
 12146 | D:10     | Reached **** piety under Sif Muna
 12147 | D:10     | Killed an orc knight
 12476 | D:10     | Noticed a soul eater
 12598 | D:10     | Found a corrupted altar of Lugonu.
 12607 | D:10     | Found a staircase to the Lair.
 12859 | D:10     | Killed a two-headed ogre
 12859 | D:10     | Reached skill level 12 in Spellcasting
 12859 | D:10     | Reached skill level 10 in Fire Magic
 13121 | D:11     | Noticed Snorg
 13136 | D:11     | Reached skill level 10 in Conjurations
 13694 | D:11     | Reached skill level 1 in Invocations
 13755 | D:11     | Noticed Maurice
 13762 | D:11     | Killed Maurice
 14048 | D:11     | Noticed a two-headed ogre
 14050 | D:11     | Killed a two-headed ogre
 14065 | D:11     | Killed Snorg
 14551 | D:11     | Reached ***** piety under Sif Muna
 15036 | D:11     | Found a staircase to the Orcish Mines.
 15195 | D:11     | Reached skill level 5 in Fighting
 15196 | D:11     | Identified Sif Muna's Reference Book on the Icy Blaze (Sif
                  | Muna gifted it to you on level 11 of the Dungeon)
 15196 | D:11     | Received a gift from Sif Muna
 15883 | D:12     | Found an opulent altar of Gozag.
 15902 | D:12     | Reached XP level 12. HP: 68/68 MP: 27/30
 16035 | D:12     | Noticed Sonja
 16125 | D:12     | Noticed a two-headed ogre
 16133 | D:12     | Killed a two-headed ogre
 16133 | D:12     | Reached skill level 13 in Spellcasting
 16151 | D:12     | Killed Sonja
 17363 | D:4      | Bought a book of Power for 540 gold pieces
 17371 | D:4      | Learned a level 7 spell: Orb of Destruction
 17377 | D:4      | Learned a level 5 spell: Iskenderun's Battlesphere
 17385 | D:4      | Learned a level 7 spell: Spellforged Servitor
 17509 | Lair:1   | Entered Level 1 of the Lair of Beasts
 17781 | Lair:1   | Reached skill level 5 in Invocations
 17983 | Lair:1   | Reached skill level 1 in Summonings
 18512 | Lair:1   | Noticed a four-headed hydra
 18520 | Lair:1   | Killed a four-headed hydra
 18802 | Lair:1   | HP: 3/70 [wolf (9)]
 18802 | Lair:1   | HP: 1/70 [wolf (2)]
 19859 | Lair:2   | Found a staircase to the Snake Pit.
 20477 | Lair:3   | Noticed an eight-headed hydra
 20481 | Lair:3   | Killed an eight-headed hydra
 20481 | Lair:3   | Reached XP level 13. HP: 51/74 MP: 3/32
 20615 | Lair:3   | Received a gift from Sif Muna
 21311 | Lair:3   | Found a staircase to the Swamp.
 21825 | Lair:4   | Reached skill level 14 in Spellcasting
 22716 | Lair:5   | Found a staircase to the Slime Pits.
 23505 | Lair:6   | Entered Level 6 of the Lair of Beasts
 23509 | Lair:6   | Found a dark tunnel.
 23915 | Volcano  | Entered a volcano
 23938 | Volcano  | Slain by a centaur

Skill      XL: |  1  2  3  4  5  6  7  8  9 10 11 12 13 |
---------------+----------------------------------------+-----
Conjurations   | 2 3 4 5 6 7 9 10 12 | 12.8
Spellcasting   | 4 5 7 8 9 11 12 13 14 | 14.0
Fire Magic     | 4 5 6 7 9 10 11 | 11.4
Shields        | 1 2 3 4 |  4.0
Dodging        | 3 5 6 8 9 |  9.0
Stealth        | 3 5 |  5.0
Fighting       | 1 3 4 5 6 |  6.8
Invocations    | 3 5 6 |  6.0
Summonings     | 3 4 |  4.7

Action                   |  1- 3 |  4- 6 |  7- 9 | 10-12 | 13-15 || total
-------------------------+-------+-------+-------+-------+-------++-------
Melee: Unarmed           |    13 |       |       |       |       ||    13
       Short sword       |       |     1 |       |       |       ||     1
       Dagger            |       |       |   213 |       |       ||   213
       Staff             |       |       |    40 |       |       ||    40
       Whip              |       |       |    66 |    33 |       ||    99
 Cast: Flame Tongue      |    66 |    98 |   277 |   374 |    56 ||   871
       Conjure Flame     |     1 |     1 |    20 |     7 |       ||    29
       Fireball          |       |       |    16 |    36 |    18 ||    70
       Sticky Flame      |       |       |       |   178 |    68 ||   246
       Throw Frost       |       |       |       |   111 |    51 ||   162
       Orb of Destructio |       |       |       |       |     2 ||     2
Invok: Divine Energy     |       |       |     1 |       |       ||     1
  Use: Scroll            |       |       |    12 |     7 |     3 ||    22
       Potion            |       |       |     2 |     2 |       ||     4
  Eat: Chunk             |     2 |     7 |    16 |    29 |     5 ||    59
       Ration            |       |       |     2 |     2 |     2 ||     6
Armor: Robe              |     6 |       |    24 |    54 |    17 ||   101
       Leather armour    |     1 |    15 |    91 |       |       ||   107
Dodge: Dodged            |    20 |    15 |   151 |   222 |    71 ||   479
Block: Buckler           |       |     7 |    67 |    63 |    33 ||   170
